 Dungeon Crawl Stone Soup version 0.26.1-10-gdfb7c7de75 (webtiles) character file.

Game seed: 11524655456938232164

722205 tardwrangler69 the Conqueror (level 27, -9/273 HPs)
             Began as a Minotaur Fighter on Apr 2, 2021.
             Was the Champion of Okawaru.
             Mangled by an azure jelly (19 damage)
             ... on level 5 of the Pits of Slime on Apr 3, 2021.
             The game lasted 01:53:51 (77938 turns).

tardwrangler69 the Conqueror (Minotaur Fighter)    Turns: 77938, Time: 01:53:51

Health: -9/273     AC: 15    Str: 44 (45) XL:     27
Magic:  16/39      EV: 34    Int:  9 (10) God:    Okawaru [******]
Gold:   6645       SH:  5    Dex: 18      Spells: 26/26 levels left

rFire    + + +     SeeInvis .   O - +8 frozen axe "Frostbite" {freezing cloud, *Noise +Fly rC+}
rCold    . . .     Faith    .   (shield currently unavailable)
rNeg     . . .     Spirit   .   P - +10 plate armour of Impermeability {Str+7}
rPois    +         Reflect  +   D - +3 hat of Pondering {ponderous, Will+ MP+10 Int+5}
rElec    +         Harm     .   H - scarf {repulsion}
rCorr    .         Rampage  .   b - +2 pair of gloves {Str+3}
Will     +++..     Rnd*Rage +   A - +2 pair of boots
Stlth    ..........             y - amulet of Cionin {Reflect rElec rPois Int+4 SH+5}
HPRegen  0.55/turn              Y - ring of Spite {rF+++ EV+4 Str+5 Int-4}
MPRegen  0.26/turn              J - ring "Xusan" {+Blink rElec rPois rC- Dex+8}

@: corroded, berserk cooldown, slowed, repel missiles, very slow
A: retaliatory headbutt, horns 2, berserk 2, blurry vision 2, clumsy 2,
deterioration 2, sense surroundings 1, subdued magic 1
}: 3/15 runes: barnacled, silver, gossamer
a: Renounce Religion, Evoke Blink, Evoke Flight, Heroism, Finesse


You were on level 5 of the Pits of Slime.
You worshipped Okawaru.
Okawaru was exalted by your worship.
You visited 11 branches of the dungeon, and saw 55 of its levels.
You visited the Abyss 2 times.
You also visited: Ossuary, Ice Cave, Wizlab and Desolation.

You collected 7536 gold pieces.
You spent 891 gold pieces at shops.

Inventory:

Hand Weapons
 m - a +1 executioner's axe of freezing
 O - the +8 frozen axe "Frostbite" (weapon) {freezing cloud, *Noise +Fly rC+}
   (You acquired it on level 2 of the Realm of Zot)

   It has been specially enchanted to freeze those struck by it, causing extra
   injury to most foes and up to half again as much damage against particularly
   susceptible opponents.
   It can also slow down cold-blooded creatures.
   It protects you from cold.
   It lets you fly.
   It may make noises in combat.
 R - a +4 broad axe
 W - a +5 broad axe of flaming
Missiles
 L - 16 silver javelins
 U - 49 javelins (quivered)
Armour
 b - a +2 pair of gloves of strength (worn)
 o - a +1 buckler of protection
 u - +0 gold dragon scales
 A - a +2 pair of boots (worn)
 D - the +3 hat of Pondering (worn) {ponderous, Will+ MP+10 Int+5}
   (Okawaru gifted it to you in an ice cave)

   It affects your intelligence (+5).
   It affects your willpower, your defense against some magical effects.
   It affects your magic capacity (+10).
 G - a +1 hat of see invisible
 H - a scarf of repulsion (worn)
 I - the +0 pair of gloves of the Lotus Blossom {rPois rC++ rCorr Stlth-}
   (Okawaru gifted it to you in a wizard's laboratory)

   It greatly protects you from cold.
   It protects you from poison.
   It provides partial protection from all sources of acid and corrosion.
   It makes you less stealthy.
 P - the +10 plate armour of Impermeability (worn) {Str+7}
   (You found it on level 5 of the Vaults)

   It affects your strength (+7).
 V - the +3 plate armour of Inaction {Int+4 SInv}
   (You found it on level 1 of the Spider Nest)

   It affects your intelligence (+4).
   It lets you see invisible.
Jewellery
 k - the ring of Ifrymmae {Str+4 SInv}
   (You found it on level 2 of the Realm of Zot)

   [ring of see invisible]

   It affects your strength (+4).
   It lets you see invisible.
 n - an uncursed ring of poison resistance
 t - an uncursed ring of willpower
 y - the amulet of Cionin (around neck) {Reflect rElec rPois Int+4 SH+5}
   (You found it on level 5 of the Vaults)

   [amulet of reflection]

   It shields you and reflects attacks.
   It affects your intelligence (+4).
   It insulates you from electricity.
   It protects you from poison.
   It affects your SH (+5).
 E - an uncursed ring of protection from cold
 J - the ring "Xusan" (right hand) {+Blink rElec rPois rC- Dex+8}
   (You found it on level 2 of the Realm of Zot)

   [ring of poison resistance]

   It affects your dexterity (+8).
   It makes you vulnerable to cold.
   It insulates you from electricity.
   It protects you from poison.
   It lets you blink.
 M - a +6 ring of strength
 X - a +4 ring of slaying
 Y - the ring of Spite (left hand) {rF+++ EV+4 Str+5 Int-4}
   (You took it off a deep elf death mage on level 3 of the Elven Halls)

   [ring of evasion]

   It affects your evasion (+4).
   It affects your strength (+5).
   It affects your intelligence (-4).
   It renders you almost immune to fire.
 Z - the ring of Mixkiot {rN+ Dex+4}
   (You found it on level 1 of the Spider Nest)

   [ring of positive energy]

   It affects your dexterity (+4).
   It protects you from negative energy.
Wands
 B - a wand of acid (61)
 N - a wand of digging (13)
Scrolls
 e - 31 scrolls of teleportation
 f - 3 scrolls of magic mapping
 g - 17 scrolls of enchant armour
 i - 27 scrolls of identify
 l - 33 scrolls of remove curse
 q - 7 scrolls of fog
 w - 8 scrolls of immolation
 C - 7 scrolls of blinking
 K - 10 scrolls of enchant weapon
 T - 9 scrolls of fear
Potions
 a - 3 potions of resistance
 c - 10 potions of ambrosia
 d - 10 potions of might
 h - 22 potions of curing
 j - 10 potions of berserk rage
 p - 11 potions of flight
 r - 7 potions of lignification
 s - 8 potions of haste
 v - 2 potions of cancellation
 x - 10 potions of mutation
 z - 5 potions of invisibility
 F - 15 potions of heal wounds
 S - 6 potions of attraction


   Skills:
 O Level 27 Fighting
 O Level 27 Axes
 + Level 17.4 Throwing
 O Level 27 Armour
 O Level 27 Dodging
 - Level 4.4 Shields
 - Level 10.1 Invocations


You had 26 spell levels left.
You didn't know any spells.
Your spell library contained the following spells:

 Spells                   Type           Power        Failure   Level
 Animate Skeleton         Necr           0%           58%         1
 Apportation              Tloc           0%           58%         1
 Beastly Appendage        Tmut           0%           58%         1
 Corona                   Hex            0%           58%         1
 Foxfire                  Conj/Fire      0%           58%         1
 Pain                     Necr           0%           58%         1
 Shock                    Conj/Air       0%           58%         1
 Sting                    Tmut/Pois      0%           58%         1
 Summon Small Mammal      Summ           0%           58%         1
 Blink                    Tloc           N/A          73%         2
 Call Imp                 Summ           0%           73%         2
 Corpse Rot               Necr/Air       N/A          73%         2
 Poisonous Vapours        Pois/Air       0%           73%         2
 Sublimation of Blood     Necr           0%           73%         2
 Swiftness                Air            0%           73%         2
 Wereblood                Tmut           0%           73%         2
 Call Canine Familiar     Summ           0%           92%         3
 Confusing Touch          Hex            0%           92%         3
 Conjure Flame            Conj/Fire      0%           92%         3
 Gell's Gravitas          Tloc           0%           92%         3
 Ignite Poison            Fire/Tmut/Pois 0%           92%         3
 Inner Flame              Hex/Fire       0%           92%         3
 Lesser Beckoning         Tloc           0%           92%         3
 Mephitic Cloud           Conj/Pois/Air  0%           92%         3
 Spider Form              Tmut/Pois      0%           92%         3
 Static Discharge         Conj/Air       0%           92%         3
 Stone Arrow              Conj/Erth      0%           92%         3
 Summon Guardian Golem    Hex/Summ       0%           92%         3
 Teleport Other           Tloc           0%           92%         3
 Tukima's Dance           Hex            0%           92%         3
 Airstrike                Air            0%           100%        4
 Animate Dead             Necr           0%           100%        4
 Dispel Undead            Necr           0%           100%        4
 Hailstorm                Conj/Ice       0%           100%        4
 Ice Form                 Ice/Tmut       0%           100%        4
 Olgreb's Toxic Radiance  Pois           0%           100%        4
 Passage of Golubria      Tloc           N/A          100%        4
 Petrify                  Tmut/Erth      0%           100%        4
 Summon Ice Beast         Ice/Summ       0%           100%        4
 Summon Lightning Spire   Summ/Air       0%           100%        4
 Alistair's Intoxication  Tmut/Pois      0%           100%        5
 Blade Hands              Tmut           0%           100%        5
 Bolt of Magma            Conj/Fire/Erth 0%           100%        5
 Borgnjor's Vile Clutch   Necr/Erth      0%           100%        5
 Fireball                 Conj/Fire      0%           100%        5
 Irradiate                Conj/Tmut      0%           100%        5
 Lee's Rapid Deconstruct  Erth           0%           100%        5
 Lightning Bolt           Conj/Air       0%           100%        5
 Metabolic Englaciation   Hex/Ice        0%           100%        5
 Silence                  Hex/Air        0%           100%        5
 Summon Demon             Summ           0%           100%        5
 Summon Forest            Summ/Tloc      0%           100%        5
 Summon Mana Viper        Hex/Summ       0%           100%        5
 Yara's Violent Unravell  Hex/Tmut       0%           100%        5
 Conjure Ball Lightning   Conj/Air       0%           100%        6
 Death Channel            Necr           0%           100%        6
 Freezing Cloud           Conj/Ice/Air   0%           100%        6
 Hydra Form               Tmut           0%           100%        6
 Invisibility             Hex            0%           100%        6
 Ozocubu's Refrigeration  Ice            0%           100%        6
 Shadow Creatures         Summ           N/A          100%        6
 Simulacrum               Ice/Necr       0%           100%        6
 Starburst                Conj/Fire      0%           100%        6
 Statue Form              Tmut/Erth      0%           100%        6
 Dragon Form              Tmut           0%           100%        7
 Haunt                    Necr/Summ      0%           100%        7
 Malign Gateway           Summ/Tloc      0%           100%        7
 Spellforged Servitor     Conj/Summ      0%           100%        7
 Summon Hydra             Summ           0%           100%        7
 Borgnjor's Revivificati  Necr           0%           100%        8
 Ignition                 Fire           0%           100%        8
 Infestation              Necr           0%           100%        8
 Necromutation            Tmut/Necr      0%           100%        8
 Death's Door             Necr           0%           100%        9
 Shatter                  Erth           0%           100%        9
 Tornado                  Air            0%           100%        9


Dungeon Overview and Level Annotations

Branches:
Dungeon (15/15)            Temple (0/1) D:7            Lair (6/6) D:8
 Shoals (4/4) Lair:4       Spider (4/4) Lair:3        Slime (5/5) Lair:6
    Orc (2/2) D:10            Elf (3/3) Orc:2        Vaults (5/5) D:13
  Crypt (0/3) Vaults:3     Depths (5/5) D:15           Hell (visited)
    Dis (0/7) Hell            Geh (0/7) Hell            Coc (0/7) Hell
    Tar (0/7) Hell            Zot (5/5) Depths:5    Ossuary (visited)
  IceCv (visited)          WizLab (visited)         Desolation (visited)

Altars:
Elyvilon
Hepliaklqana
Kikubaaqudgha
Makhleb
Okawaru
Ru
Trog
Vehumet
Wu Jian
Xom
Yredelemnul
Zin
The Shining One
Beogh

Shops:
Orc:2 (:([   Vaults:1 [   Vaults:4 [   Depths:1 (:*   Depths:2 !(*?
Depths:3 }=}

Portals:
Hell: Depths:1 Depths:2 Depths:3 Depths:4 Depths:5
Abyss: Depths:2 Depths:4
Pandemonium: Depths:3 Depths:4
Ziggurat: Depths:1

Annotations:
D:7 1 runed translucent door
Slime:4 exclusion: upstairs
Depths:4 exclusion: upstairs


Innate Abilities, Weirdness & Mutations

You reflexively headbutt those who attack you in melee.
You have a pair of horns on your head.
You often lose your temper in combat.
Scrolls take you longer to read.
You are very clumsy. (Dex -4)
Your body often deteriorates upon taking damage.
You passively map a small area around you.
Your spells are a little easier to cast, but a little less powerful.


Message History

The azure jelly completely misses you.
The azure jelly is engulfed in freezing vapours.
The azure jelly completely misses you. You block the azure jelly's attack.
The azure jelly misses you. x2
The azure jelly is engulfed in freezing vapours.
The azure jelly completely misses you. x2
The azure jelly hits you but does no damage.
The azure jelly completely misses you. The azure jelly misses you.
You furiously retaliate!
You headbutt the azure jelly, but do no damage.
The azure jelly closely misses you. The azure jelly completely misses you.
The azure jelly misses you.
The azure jelly is engulfed in freezing vapours.
You kill the azure jelly!
That felt strangely unrewarding.
The azure jelly is engulfed in freezing vapours.
The azure jelly hits you.
* * * LOW HITPOINT WARNING * * *
The azure jelly freezes you!!
You die...

#.# #...............,,,, ##.#
####..............,,,,,
#..######................,,,,,,
#......#.................,,,,,,
*#........<..............,,,,,,
##.....................#***,,,
#............JJ.......##****,*
#...........JJJG.....##*,**,,*
*#...........○@○J.....#*,,,*,**
*#............JJJ.....##,,,**,,*
#..............G....###,,,,,**,*
*#...................#**,,,,**,,*
*.....................#**,,*,*,**
**,...................#*******,,*
*,,.....................#,,,*,_,,
*,*,,,...............##...*,,,,,,
**,,,,,...............####****,,*


You could see 8 azure jellies, an eye of devastation, a death ooze and an eye of
draining.

Vanquished Creatures
  the Royal Jelly (Slime:5)
  7 orbs of fire (Zot:5)
  Mara (Spider:4)
  An ancient lich (Zot:5)
  6 Killer Klowns
  Saint Roka (Vaults:5)
  Bai Suzhen (Shoals:3)
  Xtahua (Vaults:2)
  Geryon (Hell)
  12 golden dragons
  The ghost of Afef Aqu the Hoplite, an adept MiBe of Trog (Zot:1)
  2 electric golems (Zot:5)
  Arachne (Spider:1)
  20 tentacled monstrosities
  4 liches
  A Hell Sentinel (Abyss:3)
  A moon troll (WizLab)
  2 deep elf blademasters
  Jorgrun (Spider:3)
  24 Orb Guardians (Zot:5)
  Asterion (Spider:3)
  3 deep elf master archers (Elf:3)
  19 acid blobs
  8 quicksilver dragons
  2 titans
  10 tentacled starspawn
  5 sphinxes
  8 death cobs
  Frances (Shoals:2)
  Gastronok (Lair:1)
  6 tengu reavers
  Kirke (D:14)
  10 shadow dragons
  2 draconian monks
  16 storm dragons
  Donald (Vaults:4)
  8 azure jellies
  2 draconian scorchers
  2 balrugs
  7 fire giants
  18 vault wardens
  12 frost giants
  4 imperial myrmidons (Desolation)
  5 iron dragons
  Aizul (Spider:1)
  7 deep elf sorcerers
  An orc warlord (Orc:2)
  2 draconian knights (Zot:2)
  5 draconian annihilators
  9 emperor scorpions
  5 cacodemons
  5 deep elf elementalists
  2 angels (Elf:1)
  2 spriggan defenders (Depths:3)
  3 ghost moths
  7 draconian shifters
  20 ironheart preservers
  8 reapers (Hell)
  10 draconian stormcallers
  28 very ugly things
  24 stone giants
  15 green draconians
  5 war gargoyles
  A vampire knight (Vaults:3)
  Nessos (D:12)
  5 black draconians
  Azrael (D:14)
  8 deep elf demonologists
  2 halazid warlocks (Desolation)
  3 red draconians
  3 lorocyprocas
  5 entropy weavers
  8 spark wasps
  9 purple draconians
  7 white draconians
  A minotaur (shapeshifter) (Vaults:5)
  5 yellow draconians
  5 deep elf annihilators
  3 crystal guardians
  4 deep elf death magi
  6 ettins
  4 merfolk javelineers (Shoals:4)
  2 blizzard demons (Hell)
  4 death oozes (Slime:5)
  9 fire dragons
  7 merfolk impalers
  6 jiangshi
  3 ragged hierophants (Desolation)
  17 great orbs of eyes
  2 kraken zombies (Hell)
  8 deep elf high priests
  A great orb of eyes (shapeshifter) (Vaults:5)
  7 rakshasas
  25 yaktaur captains
  10 servants of whispers (Desolation)
  15 hydras
  12 ice dragons
  11 boulder beetles
  29 vault guards
  4 spriggan air magi
  A catoblepas (Lair:5)
  4 merfolk aquamancers (Shoals:4)
  7 centaur warriors
  7 peacekeepers (Desolation)
  21 dancing weapons
  A death knight (Vaults:3)
  7 death yaks
  The ghost of Hudbad the Severer, a novice MiBe of Trog (D:9)
  2 alligator snapping turtles
  57 two-headed ogres
  2 orc high priests (Orc:2)
  11 deep troll shamans
  A queen ant (Spider:2)
  A satyr (Shoals:4)
  17 ogre magi
  9 tengu warriors
  Urug (Lair:5)
  5 deep troll earth magi
  5 hell hogs (Hell)
  19 deep elf knights
  9 thrashing horrors
  4 spriggan berserkers
  5 vampire magi
  19 hell knights
  2 iron golems (Depths:5)
  Sonja (Lair:5)
  4 sun demons
  5 soul eaters (Hell)
  2 shadow wraiths
  3 spatial maelstroms
  A fire crab (shapeshifter) (Vaults:5)
  9 skeletal warriors
  A gelid demonspawn (Depths:4)
  2 spark wasp zombies (Hell)
  9 wizards
  19 deep trolls
  6 sea snakes
  2 golden dragon zombies
  An unseen horror (shapeshifter) (Elf:1)
  A glowing orange brain (shapeshifter) (Vaults:4)
  An orange crystal statue (WizLab)
  3 unseen horrors
  3 flayed ghosts
  An anaconda zombie (Hell)
  8 glowing orange brains
  A swamp dragon (Lair:6)
  2 phantasmal warriors
  4 lindwurms (Lair:3)
  A swamp dragon (shapeshifter) (Vaults:4)
  14 deep elf archers
  A harpy (shapeshifter) (Elf:1)
  An anaconda skeleton (Hell)
  2 tengu zombies (Hell)
  11 ironbrand convokers
  34 harpies
  10 necromancers
  16 orb spiders
  8 orc knights
  3 manticores (shapeshifter)
  A wolf spider zombie (D:14)
  30 wolf spiders
  2 golden dragon skeletons (Depths:2)
  56 ugly things
  3 stone giant zombies
  An iron dragon skeleton (Depths:2)
  8 fauns
  8 orc sorcerers
  6 shining eyes
  A cyclops (shapeshifter) (Vaults:5)
  A tengu skeleton (Vaults:1)
  2 fire giant zombies
  19 starcursed masses
  56 deep elf magi
  An oklob plant (Lair:6)
  A shining eye (shapeshifter) (Vaults:4)
  4 worldbinders
  3 cyclopes
  3 guardian serpents
  8 rust devils (Hell)
  18 vault sentinels
  A frost giant skeleton (Depths:2)
  A fire giant skeleton (Depths:2)
  13 manticores
  2 ice statues (Hell)
  7 smoke demons
  7 black mambas
  7 merfolk sirens
  13 elephants
  2 apocalypse crabs
  4 water nymphs
  31 moths of wrath
  A gargoyle (D:15)
  14 cane toads
  A naga mage (D:15)
  6 molten gargoyles
  4 orange demons
  14 eyes of devastation
  The ghost of axecop the Corrupter of Planes, a novice DsAK of Lugonu (D:6)
  4 torpor snails
  Maggie (D:7)
  Psyche (D:9)
  13 rime drakes
  11 komodo dragons
  9 freezing wraiths
  A redback zombie (D:13)
  56 yaktaurs
  A yaktaur (shapeshifter) (Vaults:4)
  An efreet (Abyss:2)
  2 hydra zombies (Hell)
  2 hellwings
  19 demonic crawlers
  3 harpy zombies (Shoals:4)
  A tengu conjurer (Depths:2)
  A jumping spider (shapeshifter) (Depths:1)
  4 ice devils
  25 polar bears
  3 red devils
  A troll (shapeshifter) (Depths:4)
  39 jumping spiders
  17 merfolk
  3 trolls
  Grinder (D:4)
  A tengu simulacrum (Depths:2)
  11 raiju
  7 hornets
  A raiju (shapeshifter) (Depths:2)
  43 saltlings (Desolation)
  2 meliai zombies
  13 large abominations
  A fire dragon zombie (Hell)
  4 wind drakes
  101 slime creatures
  2 dream sheep (Shoals:1)
  36 blink frogs
  A hydra skeleton (Hell)
  2 ice dragon zombies (Hell)
  A frost giant simulacrum (Abyss:2)
  3 spriggan zombies (Hell)
  A deep troll zombie (Hell)
  7 snapping turtles
  A stone giant simulacrum (Vaults:1)
  43 tarantellas
  A slime creature (shapeshifter) (Vaults:5)
  5 spriggans
  5 air elementals
  5 wraiths
  79 redbacks
  10 water elementals
  9 wyverns
  3 spriggans (shapeshifter)
  6 flying skulls (Abyss:3)
  60 yaks
  4 basilisks
  4 fire elementals
  2 vampires
  A human (shapeshifter) (D:13)
  3 neqoxecs
  7 golden eyes
  3 steam dragons
  A hog (shapeshifter) (Vaults:5)
  2 ynoxinuls
  2 chaos spawn
  3 vampire mosquitoes
  15 wargs
  5 spatial vortices
  4 acid dragons
  18 soldier ants (Spider:2)
  A hydra simulacrum (Hell)
  20 water moccasins
  18 hell hounds
  A water moccasin (shapeshifter) (Vaults:5)
  A cane toad zombie (Hell)
  48 orc warriors
  A hornet zombie (D:15)
  2 sky beasts
  4 ice beasts
  A black bear (shapeshifter) (D:15)
  17 black bears
  A manticore zombie (Shoals:4)
  11 eyes of draining
  3 necrophages (D:8)
  55 ogres
  2 phantoms
  8 boggarts
  48 wolves
  12 centaurs
  2 elf skeletons
  A human zombie (Vaults:1)
  A big kobold (D:11)
  An elf zombie (Ossuary)
  23 bullfrogs
  An earth elemental (Elf:1)
  A wyvern skeleton (D:11)
  10 small abominations
  2 scorpions
  4 killer bees (D:13)
  40 wights
  3 howler monkeys (D:8)
  6 crimson imps
  2 bullfrog zombies
  4 centaur zombies
  A lava snake (Elf:1)
  29 orc priests
  8 hounds
  A human simulacrum (Vaults:1)
  3 quasits
  2 centaur skeletons
  4 jellies
  59 orc wizards
  4 bullfrog skeletons
  6 iron imps
  9 iguanas
  5 hell rats (Hell)
  29 worker ants
  A killer bee zombie (D:8)
  A big kobold zombie (Ossuary)
  3 hound zombies
  4 hound skeletons
  3 mummies (Ossuary)
  A howler monkey zombie (D:8)
  17 adders
  A hound simulacrum (D:6)
  6 shadow imps
  4 white imps
  2 ufetubi
  An ooze (D:2)
  An adder skeleton (D:5)
  5 adder zombies
  A worm (shapeshifter) (Vaults:5)
  6 worms
  3 dart slugs
  6 leopard geckos
  81 orcs
  5 giant cockroaches
  10 goblins
  2 hobgoblins
  3 jackals (D:5)
  15 kobolds
  4 quokkas
  A ball python (D:5)
  5 bats
  5 frilled lizards
  A goblin zombie (Ossuary)
  A hobgoblin zombie (Ossuary)
  4 kobold zombies (Ossuary)
  A leopard gecko zombie (D:4)
  An orc zombie (Ossuary)
  3 quokka zombies (Ossuary)
  4 rats
  2 rat zombies (Ossuary)
  A spectral leopard gecko (D:6)
  10 starspawn tentacles
  3 tentacles (Hell)
2922 creatures vanquished.

Vanquished Creatures (collateral kills)
  An ancient lich (Zot:5)
  An Orb Guardian (Zot:5)
  A draconian scorcher (Zot:5)
  A green draconian (Zot:5)
4 creatures vanquished.

Vanquished Creatures (others)
  An emperor scorpion (Spider:4)
  A deep elf high priest (Vaults:5)
  A hell hog (Hell)
  An orb spider (Spider:4)
  A yaktaur (Vaults:5)
  A raiju (Abyss:3)
  A human (D:14)
  An ogre (Vaults:5)
  A boggart (Depths:2)
  2 bullfrogs
  A wyvern skeleton (D:14)
  An orc wizard (D:14)
  A quokka (D:2)
  5 demonic plants (WizLab)
  61 fungi
  133 plants
  23 starspawn tentacles
  4 tentacles (Hell)
240 creatures vanquished.

Grand Total: 3166 creatures vanquished

Notes
Turn   | Place    | Note
-------+----------+-------------------------------------------
     0 | D:1      | tardwrangler69 the Minotaur Fighter began the quest for the
                  | Orb.
     0 | D:1      | Reached XP level 1. HP: 19/19 MP: 0/0
   243 | D:1      | Reached XP level 2. HP: 27/27 MP: 1/1
   664 | D:2      | Found a hazy altar of Hepliaklqana.
   665 | D:2      | Found a radiant altar of Vehumet.
   666 | D:2      | Found a burning altar of Makhleb.
   694 | D:2      | Reached XP level 3. HP: 33/33 MP: 2/2
   947 | D:2      | Found a white marble altar of Elyvilon.
  1082 | D:2      | Found a shimmering altar of Xom.
  1190 | D:2      | Reached XP level 4. HP: 39/40 MP: 3/3
  1759 | D:3      | Reached XP level 5. HP: 47/47 MP: 4/4
  2153 | D:4      | Reached skill level 1 in Dodging
  2386 | D:4      | Noticed Grinder
  2394 | D:4      | Reached skill level 5 in Axes
  2398 | D:4      | Killed Grinder
  2399 | D:4      | Reached skill level 5 in Fighting
  2399 | D:4      | Reached skill level 5 in Armour
  2399 | D:4      | Reached XP level 6. HP: 33/56 MP: 5/5
  2775 | D:4      | Found a sacrificial altar of Ru.
  2814 | D:4      | Reached XP level 7. HP: 49/61 MP: 6/6
  3026 | D:4      | Found a bloodstained altar of Trog.
  3207 | D:5      | Entered Level 5 of the Dungeon
  3693 | D:5      | Found a glowing silver altar of Zin.
  3763 | D:5      | Found a basalt altar of Yredelemnul.
  3769 | D:5      | Reached XP level 8. HP: 70/70 MP: 7/7
  3797 | D:5      | Found an iron altar of Okawaru.
  3813 | D:5      | Became a worshipper of Warmaster Okawaru
  4787 | D:6      | Found an ancient bone altar of Kikubaaqudgha.
  4801 | D:6      | Found a runed translucent gate.
  4809 | D:6      | Found a runed translucent gate.
  4810 | D:6      | Found a runed translucent gate.
  4811 | D:6      | Noticed axecop's ghost (novice DsAK)
  4858 | D:6      | Found a glowing golden altar of the Shining One.
  5298 | D:7      | Noticed a sixfirhy
  5299 | D:7      | Found a runed translucent door.
  5316 | D:7      | Found a sand-covered staircase.
  5394 | Ossuary  | Entered an ossuary
  5484 | Ossuary  | Reached * piety under Okawaru
  5719 | D:7      | Found a staircase to the Ecumenical Temple.
  5895 | D:7      | Noticed Maggie
  5910 | D:7      | Killed Maggie
  5911 | D:7      | Reached skill level 5 in Dodging
  5911 | D:7      | Reached XP level 9. HP: 68/79 MP: 6/8
  6071 | D:8      | Reached ** piety under Okawaru
  6102 | D:8      | Reached skill level 10 in Axes
  6128 | D:8      | Reached skill level 1 in Invocations
  6188 | D:8      | Reached *** piety under Okawaru
  6366 | D:8      | Found a transporter.
  6371 | D:8      | Noticed a four-headed hydra
  6371 | D:8      | Noticed a freezing wraith
  6382 | D:8      | Found a transporter.
  6442 | D:8      | Found a staircase to the Lair.
  6514 | D:8      | Reached XP level 10. HP: 90/90 MP: 10/10
  7024 | D:8      | Reached **** piety under Okawaru
  7051 | D:8      | Paralysed by a hornet for 1 turns
  7284 | D:9      | Found a runed translucent door.
  7290 | D:9      | Noticed Hudbad's ghost (novice MiBe)
  7292 | D:9      | Identified the cursed +1 spear "Poxzia" {antimagic, rF+
                  | rC+}
  7339 | D:9      | Noticed Psyche
  7347 | D:9      | Killed Psyche
  7904 | D:9      | Noticed a catoblepas
  8009 | D:10     | Entered Level 10 of the Dungeon
  8390 | D:10     | Found a staircase to the Orcish Mines.
  9142 | D:11     | Reached ***** piety under Okawaru
  9143 | D:11     | Reached XP level 11. HP: 91/97 MP: 11/13
  9146 | D:11     | Paralysed by a hornet for 1 turns
  9262 | D:11     | Noticed a two-headed ogre
  9268 | D:11     | Killed a two-headed ogre
  9905 | D:11     | Got a faintly glowing falchion
  9906 | D:11     | Identified the +4 falchion "Beelacom" {vorpal, Will+} (You
                  | found it on level 11 of the Dungeon)
 10029 | D:12     | Reached skill level 10 in Armour
 10036 | D:12     | Reached skill level 5 in Invocations
 10039 | D:12     | Reached skill level 10 in Fighting
 10186 | D:12     | Noticed Nessos
 10210 | D:12     | Killed Nessos
 10225 | D:12     | Killed an unseen horror
 10791 | D:12     | You fall into a shaft and drop 3 floors!
 10791 | D:15     | Entered Level 15 of the Dungeon
 10803 | D:14     | Noticed a white ugly thing
 10838 | D:14     | Noticed a white ugly thing
 10838 | D:14     | Noticed a white ugly thing
 10851 | D:14     | Noticed a white ugly thing
 10855 | D:14     | Killed a green ugly thing
 10863 | D:14     | Killed a white ugly thing
 10863 | D:14     | Reached ****** piety under Okawaru
 10863 | D:14     | Received a gift from Okawaru
 10867 | D:14     | Killed a purple ugly thing
 10879 | D:14     | Killed a green ugly thing
 11051 | D:14     | Reached XP level 12. HP: 107/107 MP: 15/15
 11295 | D:13     | Found a frozen archway.
 11308 | IceCv    | Entered an ice cave
 11686 | IceCv    | Received a gift from Okawaru
 11687 | IceCv    | Found the +3 hat of Pondering {ponderous, Will+ MP+10
                  | Int+5}
 11713 | IceCv    | Noticed a death yak
 11728 | IceCv    | Killed a death yak
 12199 | IceCv    | Noticed a frost giant
 12215 | IceCv    | Killed a frost giant
 12218 | IceCv    | Reached skill level 15 in Axes
 13042 | D:12     | Reached XP level 13. HP: 116/116 MP: 17/17
 13333 | D:6      | Killed axecop's ghost
 13334 | D:6      | Reached skill level 10 in Dodging
 13471 | D:8      | Received a gift from Okawaru
 13541 | D:8      | Got a spiked chain mail
 13552 | D:8      | Identified the +2 chain mail of the Hanged Man {rC+} (You
                  | found it on level 8 of the Dungeon)
 13660 | D:9      | Killed Hudbad's ghost
 14014 | Lair:1   | Entered Level 1 of the Lair of Beasts
 14098 | Lair:1   | Noticed Gastronok
 14459 | Lair:1   | Killed Gastronok
 14459 | Lair:1   | Received a gift from Okawaru
 14495 | Lair:1   | Found a gate leading to a gauntlet.
 15576 | Lair:2   | Reached XP level 14. HP: 127/127 MP: 19/19
 15613 | Lair:2   | Received a gift from Okawaru
 15626 | Lair:2   | Got a shimmering cloak {god gift}
 15637 | Lair:2   | Identified the +2 cloak of Compassion {rF+ rN+ Str+2
                  | Slay-6} (Okawaru gifted it to you on level 2 of the Lair of
                  | Beasts)
 16463 | Lair:3   | Found a hole to the Spider Nest.
 17824 | Lair:4   | Found a staircase to the Shoals.
 18075 | Lair:5   | Received a gift from Okawaru
 18217 | Lair:5   | Noticed Urug
 18227 | Lair:5   | Killed Urug
 18811 | Lair:5   | Noticed Sonja
 18823 | Lair:5   | Killed Sonja
 19168 | Lair:6   | Entered Level 6 of the Lair of Beasts
 19332 | Lair:6   | Found a staircase to the Slime Pits.
 19576 | Lair:6   | Reached XP level 15. HP: 136/136 MP: 21/21
 19580 | Lair:6   | Reached skill level 10 in Invocations
 19688 | Lair:6   | Identified a scroll of acquirement
 19688 | Lair:6   | Acquired a manual of Axes
 21464 | Spider:1 | Entered Level 1 of the Spider Nest
 21468 | Spider:1 | Received a gift from Okawaru
 21536 | Lair:3   | HP: 6/138 [poisoned by an emperor scorpion]
 21542 | Lair:3   | HP: 5/138 [poisoned by an emperor scorpion]
 21547 | Lair:3   | HP: 5/138 [poisoned by an emperor scorpion]
 21554 | Lair:3   | HP: 5/138 [poisoned by an emperor scorpion]
 21562 | Lair:3   | HP: 6/138 [poisoned by an emperor scorpion]
 22070 | Spider:1 | Noticed Aizul
 22397 | Spider:1 | Killed Aizul
 22685 | Spider:1 | Received a gift from Okawaru
 22976 | Spider:1 | Reached XP level 16. HP: 105/147 MP: 17/22
 22987 | Spider:1 | Got a faintly humming plate armour
 22998 | Spider:1 | Identified the +3 plate armour of Inaction {Int+4 SInv}
                  | (You found it on level 1 of the Spider Nest)
 23389 | Spider:1 | Got a slimy lapis lazuli ring
 23641 | Spider:2 | Noticed Arachne
 24037 | Spider:1 | Killed Arachne
 24683 | Spider:1 | Identified the ring of Mixkiot {rN+ Dex+4} (You found it on
                  | level 1 of the Spider Nest)
 24753 | Spider:2 | Received a gift from Okawaru
 24754 | Spider:2 | Reached skill level 15 in Armour
 24834 | Spider:2 | Identified the Almanac of Supportive Ignition
 24864 | Spider:2 | Reached skill level 15 in Fighting
 25470 | Spider:2 | You fall into a shaft and drop 1 floor!
 26238 | Spider:3 | Noticed Jorgrun
 26628 | Spider:3 | Killed Jorgrun
 26867 | Spider:3 | Received a gift from Okawaru
 26874 | Spider:3 | Noticed Asterion
 26891 | Spider:3 | Killed Asterion
 27205 | Spider:4 | Entered Level 4 of the Spider Nest
 28094 | Spider:4 | Reached XP level 17. HP: 158/158 MP: 23/23
 28513 | Spider:4 | Noticed Mara
 28520 | Spider:4 | Noticed tardwrangler69's illusion
 28545 | Spider:4 | Killed Mara
 28545 | Spider:4 | Received a gift from Okawaru
 28546 | Spider:4 | Reached skill level 15 in Dodging
 28561 | Spider:4 | Got a smoking battleaxe {god gift}
 29184 | Spider:4 | Got a gossamer rune of Zot
 29717 | Orc:1    | Entered Level 1 of the Orcish Mines
 29721 | Orc:1    | Found a roughly hewn altar of Beogh.
 30055 | Orc:2    | Entered Level 2 of the Orcish Mines
 30055 | Orc:2    | Found a staircase to the Elven Halls.
 30111 | Orc:2    | Received a gift from Okawaru
 31163 | Orc:2    | Found Xihuded's Book Shoppe.
 31163 | Orc:2    | Found Marchidd's Antique Armour Emporium.
 31164 | Orc:2    | Found Kolerao's Antique Weapon Emporium.
 31168 | Orc:2    | Found Vauqeloc's Weapon Shoppe.
 31496 | Elf:1    | Entered Level 1 of the Elven Halls
 31565 | Elf:1    | Found a glowing golden altar of the Shining One.
 31565 | Elf:1    | Found a glowing silver altar of Zin.
 31580 | Elf:1    | Found a white marble altar of Elyvilon.
 31580 | Elf:1    | Found a ruined gateway.
 31639 | Desolati | Entered the Desolation of Salt
 31922 | Desolati | Identified the Guide on Blistering Cold
 32092 | Desolati | Received a gift from Okawaru
 32094 | Desolati | Reached XP level 18. HP: 129/171 MP: 17/24
 32434 | Desolati | Identified the Catalogue of Weightlessness and Conjuration
 32454 | Desolati | Got a brightly glowing platinum ring
 32604 | Desolati | Identified the ring of Kuiw {*Drain +Fly rF+ SInv} (You
                  | found it in the Desolation of Salt)
 34253 | Elf:1    | Identified Asmodeus's Handbook of Supportive Attacks
 35267 | Elf:2    | Received a gift from Okawaru
 35612 | Elf:2    | Found a huge runed translucent gate.
 35612 | Elf:2    | Found a huge runed translucent gate.
 35612 | Elf:2    | Found a huge runed translucent gate.
 35612 | Elf:2    | Found a huge runed translucent gate.
 35616 | Elf:2    | Found a huge runed translucent gate.
 36934 | Elf:3    | Entered Level 3 of the Elven Halls
 37112 | Elf:3    | Received a gift from Okawaru
 37120 | Elf:3    | Reached XP level 19. HP: 158/182 MP: 25/25
 37294 | Elf:3    | Found an ancient bone altar of Kikubaaqudgha.
 38431 | Elf:3    | Identified the +10 mace of Ciddeidi {vorpal, rF+ rN+ Will+
                  | Stlth-}
 38449 | Elf:3    | Noticed a Tzitzimitl
 38458 | Elf:3    | Noticed a Brimstone Fiend
 39074 | Elf:3    | Identified the +3 ring mail "Cucs" {Harm rElec rPois Will-}
 39074 | Elf:3    | Received a gift from Okawaru
 39242 | Elf:3    | Identified the +6 rapier of Ru's Benevolence {flame, rPois
                  | rF- Str+4}
 39290 | Elf:3    | Identified the ring of Spite {rF+++ EV+4 Str+5 Int-4}
 39632 | Elf:3    | Identified the cursed +3 dagger of Expedience {flame,
                  | Stlth+}
 39805 | Elf:3    | Identified the Catalogue of the Lost Tusks
 39826 | Elf:3    | Reached XP level 20. HP: 195/195 MP: 26/26
 40076 | Shoals:1 | Entered Level 1 of the Shoals
 40957 | Shoals:2 | Noticed Frances
 40970 | Shoals:2 | Killed Frances
 41648 | Shoals:3 | Noticed Bai Suzhen
 41662 | Shoals:3 | Killed Bai Suzhen
 42186 | Shoals:4 | Entered Level 4 of the Shoals
 42491 | Shoals:4 | Reached XP level 21. HP: 175/203 MP: 27/27
 42812 | Shoals:4 | Cast into level 2 of the Abyss (merfolk impaler)
 42870 | Abyss:2  | Received a gift from Okawaru
 43538 | Shoals:4 | Escaped the Abyss
 44007 | Shoals:4 | Identified the cursed +0 scale mail of Trumpets {Dex+2}
                  | (You found it on level 4 of the Shoals)
 44650 | Shoals:4 | Got a barnacled rune of Zot
 44742 | Shoals:4 | Identified the +1 battleaxe "Siwuapt" {speed, +Rage rC-
                  | Will+} (Okawaru gifted it to you on level 4 of the Spider
                  | Nest)
 45079 | D:14     | Found a burning altar of Makhleb.
 45083 | D:14     | Noticed Kirke
 45093 | D:14     | Killed Kirke
 45563 | D:13     | Found a gate to the Vaults.
 45695 | D:14     | Noticed Azrael
 45707 | D:14     | Killed Azrael
 45815 | D:14     | Received a gift from Okawaru
 46596 | D:15     | Found a staircase to the Depths.
 46840 | Vaults:1 | Entered Level 1 of the Vaults
 47427 | Vaults:1 | Found Fentifea's Antique Armour Boutique.
 47454 | Vaults:1 | Reached XP level 22. HP: 197/215 MP: 28/28
 47580 | Vaults:1 | Bought an embroidered scarf for 336 gold pieces
 47651 | Vaults:1 | Received a gift from Okawaru
 48770 | Vaults:2 | Found the +8 longbow "Zephyr" {speed, Dex+3 SInv}
 49309 | Vaults:2 | Noticed Xtahua
 49326 | Vaults:2 | Killed Xtahua
 49957 | Vaults:2 | Received a gift from Okawaru
 50214 | Vaults:3 | Found an ornate altar of the Wu Jian Council.
 50646 | Vaults:3 | Found a staircase to the Crypt.
 51944 | Vaults:4 | Received a gift from Okawaru
 52049 | Vaults:4 | Gained mutation: You do not regenerate when monsters are
                  | visible. [a shining eye]
 52158 | Vaults:4 | Reached XP level 23. HP: 227/227 MP: 29/29
 52307 | Vaults:4 | Noticed Donald
 52315 | Vaults:4 | Killed Donald
 52893 | Vaults:4 | Found Fogyes's Armour Shop.
 53411 | Vaults:5 | Entered Level 5 of the Vaults
 53411 | Vaults:5 | Noticed Saint Roka
 53428 | Vaults:5 | Received a gift from Okawaru
 53434 | Vaults:5 | Killed Saint Roka
 54056 | Vaults:5 | Received a gift from Okawaru
 54057 | Vaults:5 | Found the +27 Lear's hauberk
 54102 | Vaults:5 | Reached XP level 24. HP: 219/239 MP: 29/29
 54111 | Vaults:5 | Identified the +0 ice dragon scales of Awniaph {rF- rC++
                  | Stlth+}
 55351 | Vaults:5 | Got a silver rune of Zot
 55359 | Vaults:5 | Identified the Collected Works on the Mountains and
                  | Lightness
 55707 | Vaults:5 | Identified the ring of Pinyco {Ice rN+}
 55710 | Vaults:5 | Identified the +1 robe of the Pit {rPois rC- Regen+ Stlth+}
 55728 | Vaults:5 | Identified the +2 scale mail of Ennui {+Fly Will+ SInv}
 56300 | Vaults:5 | Got a crude ivory amulet
 56311 | Vaults:5 | Identified the amulet of Cionin {Reflect rElec rPois Int+4
                  | SH+5} (You found it on level 5 of the Vaults)
 56315 | Vaults:5 | Got a polished plate armour
 56326 | Vaults:5 | Identified the +10 plate armour of Impermeability {Str+7}
                  | (You found it on level 5 of the Vaults)
 56580 | Vaults:5 | Received a gift from Okawaru
 57409 | Depths:1 | Entered Level 1 of the Depths
 57466 | Depths:1 | Found a gateway to a ziggurat.
 57582 | Depths:1 | Found Recliv's Elemental Accessories.
 57796 | Depths:1 | Found Ufretupp's Weapon Boutique.
 57800 | Depths:1 | Found Hosmy's Book Boutique.
 57890 | Depths:1 | Received a gift from Okawaru
 58104 | Depths:1 | Found a gateway to Hell.
 58333 | Depths:2 | Found a one-way gate to the infinite horrors of the Abyss.
 58345 | Depths:2 | Found Zolo's General Store.
 58351 | Depths:2 | Bought a scroll of teleportation for 54 gold pieces
 58351 | Depths:2 | Bought a potion of mutation for 144 gold pieces
 58390 | Depths:2 | Found a magical portal.
 58399 | WizLab   | Entered Lehudib's Moon Base
 58477 | WizLab   | Found a transporter.
 58499 | WizLab   | Reached XP level 25. HP: 250/250 MP: 29/29
 58504 | WizLab   | Paralysed by accursed screaming for 1 turns
 58689 | WizLab   | Received a gift from Okawaru
 58704 | WizLab   | Got a pair of shimmering gloves {god gift}
 58715 | WizLab   | Identified the +0 pair of gloves of the Lotus Blossom
                  | {rPois rC++ rCorr Stlth-} (Okawaru gifted it to you in a
                  | wizard's laboratory)
 59117 | WizLab   | Found a transporter.
 59744 | WizLab   | Identified the Handbook of Evil Ignition
 59945 | Depths:2 | Found Vunlogg's Magic Scroll Shop.
 59948 | Depths:2 | Bought a scroll of identify for 24 gold pieces
 59948 | Depths:2 | Bought a scroll of teleportation for 36 gold pieces
 59948 | Depths:2 | Bought a scroll of identify for 24 gold pieces
 60673 | Depths:2 | Found Etur's Distillery.
 60766 | Depths:2 | Bought a potion of heal wounds for 105 gold pieces
 60766 | Depths:2 | Bought a potion of heal wounds for 105 gold pieces
 60766 | Depths:2 | Bought a potion of curing for 63 gold pieces
 60854 | Depths:2 | Found Exzal's Antique Weapon Boutique.
 61679 | Depths:3 | Received a gift from Okawaru
 62312 | Depths:3 | Found a one-way gate leading to the halls of Pandemonium.
 62449 | Depths:3 | Received a gift from Okawaru
 62568 | Depths:3 | Identified Sif Muna's Almanac of Excruciating Changing
 62659 | Depths:3 | You fall into a shaft and drop 1 floor!
 62890 | Depths:4 | Reached XP level 26. HP: 238/264 MP: 29/29
 63744 | Depths:4 | You fall into a shaft and drop 1 floor!
 63744 | Depths:5 | Entered Level 5 of the Depths
 63747 | Depths:5 | Found a gate to the Realm of Zot.
 63940 | Depths:5 | Reached skill level 27 in Fighting
 64576 | Depths:3 | Found Jyrry's Gadget Emporium.
 64576 | Depths:3 | Found Toloec's Jewellery Shop.
 64578 | Depths:3 | Found Lipnoz's Gadget Emporium.
 64926 | Depths:5 | Reached skill level 27 in Armour
 65099 | Depths:5 | Received a gift from Okawaru
 65571 | Hell     | Entered the Vestibule of Hell
 65571 | Hell     | Noticed Geryon
 66230 | Hell     | Killed Geryon
 66509 | Hell     | Found a gateway to the decaying netherworld of Tartarus.
 66799 | Hell     | Found a gateway to the freezing wastes of Cocytus.
 66901 | Hell     | Found a gateway to the ashen valley of Gehenna.
 66971 | Hell     | Found a gateway to the Iron City of Dis.
 67123 | Zot:1    | Entered Level 1 of the Realm of Zot
 67584 | Zot:1    | Received a gift from Okawaru
 67667 | Zot:1    | Found a runed translucent gate.
 67667 | Zot:1    | Found a runed translucent gate.
 67894 | Zot:1    | Found a runed translucent gate.
 67913 | Zot:1    | Noticed Afef Aqu's ghost (adept MiBe)
 67950 | Zot:1    | Reached XP level 27. HP: 273/273 MP: 29/29
 68453 | Zot:1    | Killed Afef Aqu's ghost
 68504 | Zot:2    | Found a transporter.
 68594 | Zot:2    | Received a gift from Okawaru
 69224 | Zot:2    | Found the ring of the Mage {Wiz Will++ Int+3}
 69261 | Zot:2    | Found a transporter.
 69461 | Zot:2    | Reached skill level 27 in Dodging
 69463 | Zot:2    | Gained mutation: Scrolls take you a little longer to read.
                  | [a cacodemon]
 69472 | Zot:2    | Cast into level 3 of the Abyss (white draconian)
 70016 | Zot:2    | Escaped the Abyss
 70338 | Zot:2    | Got a scorched jade ring
 70354 | Zot:2    | Got a sparkling granite ring
 70369 | Zot:2    | Acquired the +8 frozen axe "Frostbite" {freezing cloud,
                  | *Noise +Fly rC+}
 70369 | Zot:2    | Found the +8 frozen axe "Frostbite" {freezing cloud, *Noise
                  | +Fly rC+}
 70371 | Zot:2    | Identified the ring of Ifrymmae {Str+4 SInv} (You found it
                  | on level 2 of the Realm of Zot)
 70375 | Zot:2    | Identified the ring "Xusan" {+Blink rElec rPois rC- Dex+8}
                  | (You found it on level 2 of the Realm of Zot)
 70825 | Zot:3    | Received a gift from Okawaru
 72191 | Zot:5    | Entered Level 5 of the Realm of Zot
 72875 | Zot:5    | Reached skill level 27 in Axes
 72880 | Zot:5    | Reached skill level 1 in Throwing
 72900 | Zot:5    | Noticed an orb of fire
 72901 | Zot:5    | Gained mutation: Your body sometimes deteriorates upon
                  | taking damage. [an orb of fire]
 72904 | Zot:5    | Noticed an orb of fire
 72908 | Zot:5    | Noticed an orb of fire
 72911 | Zot:5    | Killed an orb of fire
 72911 | Zot:5    | Received a gift from Okawaru
 72914 | Zot:5    | Reached skill level 5 in Throwing
 72914 | Zot:5    | Noticed an orb of fire
 72921 | Zot:5    | Noticed an orb of fire
 72923 | Zot:5    | Lost mutation: You do not regenerate when monsters are
                  | visible. [an orb of fire]
 72924 | Zot:5    | Killed an orb of fire
 72924 | Zot:5    | Received a gift from Okawaru
 72926 | Zot:5    | Killed an orb of fire
 72928 | Zot:5    | Killed an orb of fire
 72930 | Zot:5    | Gained mutation: Scrolls take you longer to read. [an orb
                  | of fire]
 72931 | Zot:5    | Killed an orb of fire
 72931 | Zot:5    | Received a gift from Okawaru
 73022 | Zot:5    | Reached skill level 10 in Throwing
 73106 | Zot:5    | Received a gift from Okawaru
 73125 | Zot:5    | Noticed an orb of fire
 73130 | Zot:5    | Noticed an ancient lich
 73132 | Zot:5    | Gained mutation: You tend to lose your temper in combat.
                  | [an orb of fire]
 73141 | Zot:5    | Noticed an orb of fire
 73145 | Zot:5    | Gained mutation: Your spells are a little easier to cast,
                  | but a little less powerful. [an orb of fire]
 73145 | Zot:5    | Killed an ancient lich
 73159 | Zot:5    | Noticed an ancient lich
 73169 | Zot:5    | Killed an orb of fire
 73171 | Zot:5    | Killed an orb of fire
 73190 | Zot:5    | Killed an ancient lich
 74542 | Slime:1  | Entered Level 1 of the Pits of Slime
 75075 | Slime:1  | Reached skill level 15 in Throwing
 75567 | Slime:2  | Received a gift from Okawaru
 75931 | Slime:5  | Entered Level 5 of the Pits of Slime
 75961 | Slime:3  | Gained mutation: Your body often deteriorates upon taking
                  | damage. [a shining eye]
 75961 | Slime:3  | Gained mutation: You passively map a small area around you.
                  | [a shining eye]
 75976 | Slime:3  | Gained mutation: You often lose your temper in combat. [a
                  | shining eye]
 75979 | Slime:3  | Gained mutation: You are clumsy. (Dex -2) [a shining eye]
 77491 | Slime:5  | Gained mutation: You are very clumsy. (Dex -4) [a shining
                  | eye]
 77549 | Slime:5  | Noticed the Royal Jelly
 77933 | Slime:5  | Killed the Royal Jelly
 77933 | Slime:5  | Received a gift from Okawaru
 77938 | Slime:5  | HP: 13/273 [azure jelly[the Royal Jelly] (2)]
 77938 | Slime:5  | Mangled by an azure jelly

Illustrated notes

Levels and vault maps discovered:
D:1:      nzn_arrival_crosshair, layout_loops_ring
D:2:      kennysheep_big_flooded_room, layout_basic,
          chequers_temple_overflow_statue_of_worship, marbit_many_paths,
          elyvilon_altar_4, minmay_misc_feat_five
D:3:      layout_basic
D:4:      layout_basic, lemuel_coloured_pillars_altar, nicolae_ru_path_of_blood,
          uniq_grinder
D:5:      layout_gridville, lemuel_round_altar, old_standard_altar,
          yredelemnul_altar_generic, portal_sewer_entry_d
D:6:      minmay_chambers_of_sixes, layout_basic, general_overflow_altar,
          kennysheep_mini, gammafunk_ghost_necromancy
D:7:      cheibrodos_shockbox, layout_gridville,
          minmay_temple_entry_drinking_statues,
          nicolae_ossuary_entry_false_entrances, uniq_maggie
D:8:      gammafunk_sealed_arena, layout_loops_ring,
          due_lair_maze_entry_diamond, serial_undead, serial_undead_c,
          serial_undead_c, serial_undead_c, serial_undead_d, serial_undead_e,
          minmay_manual_monstrance
D:9:      layout_rooms, ebering_ghost_funeral_grove, lightli_corner_chamber,
          uniq_psyche
D:10:     kennysheep_six_static_rooms, layout_basic, minmay_orc_entry_guard_dogs
D:11:     layout_small_grid
D:12:     layout_loops_corners, hangedman_abyss_or_decor_stagger, uniq_nessos
D:13:     layout_loops_ring, david_vaults_1, portal_ice_cave_rime,
          minmay_misc_feat_pillars
D:14:     layout_loops_cross, basic_altar, serial_glass, glass_columns_a,
          glass_columns_c, kennysheep_nub, minmay_misc_feat_more_columns,
          hangedman_decor_points, uniq_kirke, uniq_azrael
D:15:     grunt_enter_depths_magical_seal, layout_rooms, chequers_mini_garden
Lair:1:   layout_misc_corridors, gauntlet_entry_generic, serial_bayou_pond_e,
          uniq_gastronok
Lair:2:   layout_loops_ring, grunt_megastairs_1, infiniplex_staircase_pool_2
Lair:3:   layout_cave_pods, spider_nest_entry_webs, minmay_lindwurm_lava
Lair:4:   layout_long_grid, elwin_shoals_entry_stream, beast_lair_carwin_5
Lair:5:   layout_cave_pods, beast_lair_carwin_7, grunt_megastairs_4,
          serial_bayou_shore_b, uniq_sonja, uniq_urug
Lair:6:   guppyfry_lair_end_dragon, layout_regular_city,
          hangedman_lair_caniforms_friends, slime_dummy, dpeg_stationary_puzzle
Shoals:1: layout_shoals
Shoals:2: layout_shoals, uniq_frances
Shoals:3: layout_shoals, uniq_bai_suzhen
Shoals:4: shoals_end_simple, layout_shoals, nicolae_shoals_undead_eyrie
Spider:1: layout_spider_delve, uniq_aizul
Spider:2: layout_spider_delve, zaba_antful_of_joy, uniq_arachne
Spider:3: layout_spider_delve, spiders_nest_ghost_moth_duel, uniq_jorgrun,
          uniq_asterion
Spider:4: grunt_spider_rune_circles, hangedman_spider_mandibles,
          nicolae_crawler_farm, uniq_mara
Slime:1:  layout_caves, nicolae_slime_phagocytosis
Slime:2:  layout_caves
Slime:3:  layout_caves
Slime:4:  layout_caves
Slime:5
Orc:1:    layout_caves, basic_altar
Orc:2:    st_orc_mages, layout_caves
Elf:1:    layout_onion_city, portal_desolation_entry_holy_temple,
          minmay_elf_sorcery, minivault_8
Elf:2:    layout_rooms
Elf:3:    minmay_elf_hall_not_hex, layout_loops_corners, basic_altar,
          nicolae_elf_glass_and_crystal_pillar_1
Vaults:1: nicolae_vaults_octagons, nicolae_vaults_stairing_the_circle,
          vaults_dpeg_cross, vaults_room_fancy_cross, v_pattern_3,
          nicolae_vaults_yaktaur_gun_rack, nicolae_vaults_border_crossing,
          vaults_mumra_hex, ontoclasm_vaults_decontamination,
          nicolae_vaults_shelves_hall, layout_vaults_omnigrid, serial_shops,
          nicolae_shop_stone
Vaults:2: nicolae_vaults_asterisk, v_misc_4, ontoclasm_vaults_chip,
          nicolae_vaults_what_the_h, vaults_room_door_ring, grunt_vaults_funnel,
          v_alt_pattern_4, nicolae_vaults_network_quinsquares
          [nicolae_vaults_network_quincunx_subvault,
          nicolae_vaults_network_quincunx_subvault,
          nicolae_vaults_network_quincunx_subvault,
          nicolae_vaults_network_quincunx_subvault],
          hangedman_vaults_restitches, grunt_vaults_bifocal, grunt_vaults_focal,
          v_misc_25, vaults_dpeg_ring, layout_vaults_chaotic_city, uniq_xtahua
Vaults:3: v_alt_pattern_3, vaults_room_fancy_cross, vaults_mumra_chevron,
          minmay_crypt_entry_simple_statues, grunt_vaults_trifunnel,
          nicolae_vaults_an_arrangement, nicolae_vaults_diagonal_hallway_8,
          hangedman_vaults_snaps, vaults_room_stairs_pillars, v_pattern_2,
          nicolae_vaults_little_squares_2, nicolae_vaults_angled_halls,
          vaults_room_ringed_pool, hangedman_vaults_cutoff, v_rooms_6,
          grunt_vaults_hallway_short, layout_vaults_maze_snakey, basic_altar
Vaults:4: hangedman_vaults_stream, grunt_vaults_diagonal,
          nicolae_vaults_network_star, v_misc_9, v_misc_33,
          ontoclasm_vaults_hangar, nicolae_vaults_little_squares_5,
          hangedman_vaults_trim, v_misc_2, vaults_dpeg_diagonal,
          layout_vaults_big_cross, serial_shops, nicolae_shop_window_shopping,
          uniq_margery, uniq_donald
Vaults:5: serial_shops, uniq_saint_roka
Depths:1: layout_gridville, enter_ziggurat_b, hangedman_abyss_or_decor_slice,
          hell_entry, chequers_serial_rivers_micro_b, nicolae_elemental_shop,
          lemuel_flamethrower_3, minmay_shop_star, serial_bayou_shore_a
Depths:2: minmay_octagon_keep, layout_gridlike, mu_enter_wizlab_3, serial_shops,
          shop, shop, nicolae_shop_behind_doors, shop, roderic_roman_lattice,
          hell_entry, abyss_entry, kennysheep_pointless_box,
          infiniplex_staircase_spiral_double
Depths:3: minmay_the_grid_triangle_9x9_rhombus_thin
          [minmay_the_grid_triangle_9x9_swiss_cheese,
          minmay_the_grid_triangle_9x9_prize_insulated,
          minmay_the_grid_triangle_9x9_flanged_cone,
          minmay_the_grid_triangle_9x9_zippers_vertical], layout_basic,
          grunt_pan_entry_spiral, hangedman_decor_peaks_small,
          grunt_hell_entry_dis_old, infiniplex_staircase_trident,
          minmay_shop_grove
Depths:4: hangedman_cross_stitches, layout_honeycomb, hell_entry,
          grunt_pan_entry_zigzag, abyss_entry_crystal, grunt_megastairs_5
Depths:5: evilmike_zot_entry_argh, layout_long_grid, chequers_jeans,
          pf_hell_entry_tar_spiral, minmay_starry_boxes
Hell
Zot:1:    layout_twisted_circle, gammafunk_ghost_split
Zot:2:    gammafunk_dig_for_victory, layout_cellular_growth
Zot:3:    layout_basic
Zot:4:    layout_basic
Zot:5:    layout_cathedral_of_symmetry

Skill      XL: |  1  2  3  4  5  6  7  8  9 10 11 12 13 14 15 16 17 18 19 20 21 22 23 24 25 26 27 |
---------------+----------------------------------------------------------------------------------+-----
Axes           | 3 4 5 6 7 9 10 12 13 15 16 17 20 21 22 27 | 27.0
Armour         | 4 5 6 7 8 9 10 11 12 13 14 16 17 19 20 21 22 24 25 26 27 | 27.0
Fighting       | 4 5 6 7 8 9 10 11 12 13 14 16 17 19 20 22 23 24 25 26 27 | 27.0
Shields        | 4 |  4.4
Dodging        | 2 3 5 6 7 8 9 11 12 13 14 16 17 18 20 21 22 23 24 26 27 | 27.0
Invocations    | 2 4 6 7 8 9 10 | 10.1
Throwing       | 17 | 17.4

Action                   |  1- 3 |  4- 6 |  7- 9 | 10-12 | 13-15 | 16-18 | 19-21 | 22-24 | 25-27 || total
-------------------------+-------+-------+-------+-------+-------+-------+-------+-------+-------++-------
Melee: War axe           |    57 |   103 |   188 |       |       |       |       |       |       ||   348
       Headbutt          |     6 |    16 |    43 |   129 |   226 |   344 |   314 |   443 |   599 ||  2120
       Broad axe         |       |       |    93 |   549 |   816 |  1301 |  1140 |  1210 |   745 ||  5854
       Executioner's axe |       |       |       |       |       |       |       |       |   942 ||   942
Invok: Heroism           |       |       |       |     3 |     7 |    12 |     1 |     3 |     7 ||    33
       Finesse           |       |       |       |       |       |     5 |     1 |     1 |     5 ||    12
Evoke: Wand              |       |       |       |       |       |       |       |       |     8 ||     8
  Use: Scroll            |       |       |    11 |    13 |     7 |     8 |     3 |     2 |    11 ||    55
       Potion            |       |       |       |     1 |     3 |     3 |     1 |       |       ||     8
 Stab: Held in net/web   |       |       |       |       |       |     4 |       |       |       ||     4
       Distracted        |       |       |       |       |       |       |     2 |     1 |     3 ||     6
       Confused          |       |       |       |       |       |       |       |       |     1 ||     1
       Paralysed         |       |       |       |       |       |       |       |       |     1 ||     1
       Sleeping          |       |       |       |       |       |       |       |       |     1 ||     1
Armor: Scale mail        |    18 |    59 |    87 |       |       |       |       |       |       ||   164
       Plate armour      |       |       |    87 |   323 |     7 |   573 |   372 |   170 |   646 ||  2178
       Chain mail        |       |       |       |       |   407 |       |       |       |       ||   407
       Skin              |       |       |       |       |     3 |       |       |       |       ||     3
       Crystal plate arm |       |       |       |       |       |       |       |   202 |       ||   202
Dodge: Dodged            |     5 |    46 |   136 |   264 |   587 |   658 |   790 |   723 |  1841 ||  5050
       Repelled          |       |       |       |       |       |       |       |       |    21 ||    21
Block: Kite shield       |    31 |    22 |       |       |       |       |       |       |       ||    53
       Buckler           |       |    24 |    95 |   162 |   230 |   547 |   516 |   477 |   262 ||  2313
       Reflection        |       |       |       |       |       |    10 |    64 |    59 |    40 ||   173
       Other             |       |       |       |       |       |       |       |       |   189 ||   189
